AoeStats
← Meetjeslander

Coastal Forest

503554327Analyzed
4v4 RM · 1mo ago on Sep 1, 2026· 48m 26s· 8 players
Game mode
Random Map
Map size
Large (8 player)
Population
200
Speed
Normal
Resources
Standard
Victory
Conquest
Starting age
Dark Age
Ending age
Imperial Age
RankedLock teamsTeams togetherTeam positionsShared explorationLock speedFull tech treeHidden civsTurbo modeCheats
Victory
Defeat
🇨🇭 Bulgarians · Switzerland
1297
+14
🇧🇪 Poles · Belgium
1261
+16
🇸🇪 Vietnamese · Sweden
1260
+16
🇧🇪 Persians · Belgium
1258
+16
🇨🇳 Celts · China
1336
-19
🇦🇷 Hindustanis · Argentina
1293
-17
🇮🇳 Cumans · India
1252
-15
🇭🇰 Japanese · Hong Kong SAR China
1178
-12
Jiib
11:00 Feudal Age
9:38 Loom
12:34 Double-Bit Axe
12:34 Horse Collar
12:57 Gold Mining
23:22 Castle Age
23:29 Fletching
23:23 Crossbowman
24:04 Bodkin Arrow
26:15 Ballistics
25:50 Stone Mining
32:29 Wheelbarrow
35:30 Bow Saw
39:51 Imperial Age
37:37 Hand Cart
37:46 Padded Archer Armor
40:21 Thumb Ring
40:41 Leather Archer Armor
39:54 Arbalester
42:02 Stone Shaft Mining
43:41 Chemistry
42:43 Bracer
NEH
7:20 Loom
9:47 Feudal Age
10:21 Town Watch
10:37 Double-Bit Axe
16:06 Bloodlines
18:12 Wheelbarrow
18:19 Forging
19:10 Fishing Lines
23:23 Castle Age
23:27 Light Cavalry
24:26 Bow Saw
24:56 Husbandry
25:13 Gillnets
25:42 Scale Barding Armor
26:58 Chain Barding Armor
28:30 Iron Casting
30:58 Stone Mining
33:35 Hand Cart
34:53 Gold Mining
37:25 Town Patrol
39:06 Stone Shaft Mining
41:23 Imperial Age
39:09 Fletching
41:04 Masonry
40:47 Treadmill Crane
41:24 Winged Hussar
42:26 Lechitic Legacy
42:26 Conscription
43:22 Blast Furnace
42:57 Bodkin Arrow
44:57 Ballistics
45:38 Chemistry
45:00 Horse Collar
47:04 Heavy Plow
49:09 Crop Rotation
Meetjeslander
9:49 Feudal Age
8:05 Loom
13:24 Double-Bit Axe
18:28 Castle Age
17:41 Bloodlines
17:21 Horse Collar
20:41 Husbandry
22:02 Wheelbarrow
27:03 Scale Barding Armor
30:08 Chain Barding Armor
29:59 Forging
30:31 Hand Cart
31:44 Gold Mining
36:50 Imperial Age
36:46 Cavalier
39:07 Bow Saw
39:01 Heavy Plow
38:35 Savar
42:16 Plate Barding Armor
45:54 Gold Shaft Mining
46:56 Iron Casting
47:56 Chemistry
48:43 Conscription
Reis
10:45 Feudal Age
11:02 Loom
15:34 Castle Age
15:20 Double-Bit Axe
16:45 Scale Barding Armor
18:52 Fletching
20:09 Bodkin Arrow
36:47 Bow Saw
38:03 Gold Mining
39:36 Wheelbarrow
44:36 Stone Mining
45:56 Stone Shaft Mining
JohTo
0:27 Loom
11:07 Feudal Age
13:48 Double-Bit Axe
14:40 Wheelbarrow
16:25 Castle Age
14:49 Gold Mining
16:28 Fletching
20:32 Padded Archer Armor
22:39 Ballistics
22:08 Fishing Lines
23:36 Treadmill Crane
25:40 Leather Archer Armor
28:40 Wheelbarrow
29:00 Town Watch
30:05 Pikeman
33:27 Gillnets
34:38 Horse Collar
34:52 Stone Mining
35:37 Gold Shaft Mining
35:28 Bloodlines
35:18 Husbandry
37:02 Hand Cart
38:18 Gold Shaft Mining
38:24 Fervor
38:24 Redemption
38:35 Sanctity
38:15 Atonement
38:57 Bodkin Arrow
40:16 Town Patrol
41:04 Guard Tower
42:01 Murder Holes
42:17 Masonry
46:44 Thumb Ring
48:42 Yasama
Tобиаs DaNieɛ
6:49 Loom
9:11 Feudal Age
9:49 Double-Bit Axe
10:28 Horse Collar
11:03 Town Watch
16:35 Scale Barding Armor
19:18 Fletching
21:16 Forging
36:25 Castle Age
36:19 Bloodlines
37:16 Husbandry
37:37 Chain Barding Armor
37:39 Gold Mining
39:14 Iron Casting
38:36 Bodkin Arrow
41:47 Iron Casting
43:06 Wheelbarrow
maniaaaaaac
7:07 Loom
9:26 Feudal Age
10:55 Double-Bit Axe
12:26 Wheelbarrow
11:56 Horse Collar
20:23 Gold Mining
22:39 Castle Age
22:05 Scale Barding Armor
22:11 Forging
22:15 Bloodlines
23:33 Fletching
24:03 Hand Cart
26:16 Chain Barding Armor
28:13 Iron Casting
28:44 Bodkin Arrow
33:44 Light Cavalry
39:56 Imperial Age
40:04 Cavalier
41:45 Blast Furnace
41:20 Plate Barding Armor
41:09 Conscription
43:28 Paladin
野象
10:57 Feudal Age
9:14 Loom
11:26 Horse Collar
11:32 Double-Bit Axe
21:24 Castle Age
19:13 Town Watch
21:36 Pikeman
38:48 Fletching
41:58 Gold Mining
44:07 Bow Saw
Connection lost

Rejoining the realm…

Still unreachable

The connection could not be restored.

Session expired

The server has moved on; the page needs a fresh start.